Mourne, chaotic male human Priest --------- GhY@(.>... ..G%-.---- .*.*.. .G... Mourne the Adept Experience level: 6 Strength: 12 Dexterity: 13 Constitution: 13 Intelligence: 14 Wisdom: 18 Charisma: 9 Health: 0(40) Energy: 89(89) Def: 8 Gold: 670 Moves: 2797 Dungeon seed: WaYTN9S8KRoDKDPH Game ID: Mourne_1520526523 Your Inventory: Coins $ - 670 gold pieces Weapons a - a blessed corroded +1 mace (weapon in hand) I - 7 uncursed +0 darts of frost (in quiver) Armor e - an uncursed +0 robe (being worn) n - an uncursed +0 small shield (being worn) q - an uncursed +1 pair of speed boots (being worn) r - an uncursed +0 ring mail (being worn) Comestibles c - an uncursed clove of garlic d - an uncursed sprig of wolfsbane Scrolls k - an uncursed scroll of confuse monster m - an uncursed scroll of enchant weapon H - 2 uncursed scrolls of light Potions b - 4 potions of holy water l - an uncursed potion of water o - an uncursed potion of confusion s - an uncursed potion of speed z - an uncursed potion of gain level G - a blessed potion of speed Rings B - an uncursed ring of slow digestion (on left hand) Tools h - an uncursed oil lamp (lit) (0:813) J - an uncursed skeleton key Spells and supernatural/magical abilities: Name Level Category Fail Memory l - light 1 divination 31% 98% K - cure sickness 3 healing 93% 98% W - pray for help -- divine ? -- X - turn undead -- divine ? -- Your skills at the end: Fighting Skills wands [Basic] Weapon Skills mace [Skilled] Spellcasting Skills clerical spells [Basic] Final Attributes: You were held by an owlbear. You had slower digestion. You were very fast. You are dead. Vanquished creatures: a gnome king a werewolf a shrieker 4 gnome lords 5 dwarves 6 hill orcs 2 rothes a centipede a monkey 3 orc zombies 4 dwarf zombies 3 iguanas 3 acid blobs 3 hobbits 3 hobgoblins a giant rat 3 cave spiders a yellow mold 2 green molds 17 gnomes 6 garter snakes a gnome zombie 3 geckos 3 jackals a goblin a sewer rat 2 grid bugs 2 bats 2 lichens a kobold zombie 6 newts 93 creatures vanquished. Voluntary challenges: You were an atheist. You used a wielded weapon 131 times, starting on turn 1. You read items or engraved 8 times, starting on turn 1182. You never genocided any monsters. You never polymorphed an object. You never changed form. You used no wishes. You never split a pudding. You never wrote Elbereth's name. You never violated your personal moral code. Dungeon overview: The Dungeons of Doom: levels 1 to 9 Level 1 a long staircase Level 2 Level 3 a potion shop stairs to The Gnomish Mines Level 4 an altar to Athena, a vault Level 5 a fountain, a vault Level 6 some fountains Level 7 a fountain stairs to Sokoban Level 8 a vault Level 9 a vault The Gnomish Mines: levels 4 to 9 Level 4 stairs to The Dungeons of Doom Level 5 Level 7 Level 8 <- You were here Level 9 Sokoban: Level 6 Unsolved stairs to The Dungeons of Doom History has recorded: On T:1 you entered the Dungeons of Doom to retrieve the Amulet of Yendor! On T:321 you reached level 2 of The Dungeons of Doom. On T:491 you reached level 3 of The Dungeons of Doom. On T:690 you reached level 4 of The Dungeons of Doom. On T:797 you advanced to experience level 2. On T:923 you reached level 5 of The Dungeons of Doom. On T:1191 you reached level 6 of The Dungeons of Doom. On T:1219 you advanced to experience level 3. On T:1229 you reached level 7 of The Dungeons of Doom. On T:1614 you reached level 8 of The Dungeons of Doom. On T:1682 you advanced to experience level 4. On T:1825 you advanced to experience level 5. On T:1851 you reached level 9 of The Dungeons of Doom. On T:2048 you reached level 4 of Sokoban. On T:2282 you reached level 1 of The Gnomish Mines. On T:2331 you advanced to experience level 6. On T:2542 you reached level 2 of The Gnomish Mines. On T:2557 you reached level 4 of The Gnomish Mines. On T:2572 you reached level 6 of The Gnomish Mines. On T:2780 you reached level 5 of The Gnomish Mines. Score breakdown: Gold: 670 ( 9615 points) Experience: 6 levels (12456 points) Exploration: 9 levels ( 19.57%) (12649 points) Discoveries: 4 items ( 1.33%) ( 3464 points) Valuables value: (no points given unless you survive) Artifact value: 0 ( 0 points) Variety of kills: 31 monsters ( 8.16%) ( 8568 points) Turncount: 2797 turns ( -496 points) Survival: died (score multiplied by 80%) Total score: 37004 Latest messages: You hit the gnome lord! (3x) You miss the gnome lord. The gnome lord hits! You kill the gnome lord! The dwarf hurls an uncursed orange potion! The carafe crashes on your head and breaks into shards. It suddenly gets dark. A cloud of darkness falls upon you. It must be an uncursed potion of blindness. You can see again. The dwarf wields a dagger! You miss the owlbear. The owlbear hits! (2x) The owlbear grabs you! You miss the owlbear. The owlbear hits! (2x) You are being crushed. The gnome lady hits! You cannot escape from the owlbear! (2x) The owlbear hits! (2x) You are being crushed. You die... Final status: Goodbye Mourne the Priest, killed by an owlbear... You died in The Gnomish Mines on dungeon level 8 with 37004 points, and 670 pieces of gold, after 2797 moves. You were level 6 with a maximum of 40 hit points when you died.